 Dungeon Crawl Stone Soup version 0.26.1-15-g04117e645d (webtiles) character file.

Game seed: 8128521167947692870

7805 Froggeryz the Cleaver (level 11, -7/81 HPs)
             Began as an Octopode Berserker on Aug 18, 2022.
             Was a High Priest of Trog.
             Mangled by an eight-headed hydra (17 damage)
             ... on level 11 of the Dungeon.
             The game lasted 00:11:56 (14215 turns).

Froggeryz the Cleaver (Octopode Berserker)         Turns: 14215, Time: 00:11:57

Health: -7/81      AC:  1    Str: 18    XL:     11   Next: 21%
Magic:  11/11      EV: 15    Int:  9    God:    Trog [*****.]
Gold:   554        SH:  6    Dex: 20    Spells: 10/10 levels left

rFire    + . .     SeeInvis +   u - +2 hand axe (freeze)
rCold    . . .     Faith    +   s - +0 buckler
rNeg     . . .     Spirit   .   (helmet restricted)
rPois    .         Reflect  .   q - amulet of faith
rElec    .         Harm     .   h - ring of see invisible
rCorr    .         Rampage  .   r - +6 ring of dexterity
Will     .....                  y - ring of protection from fire
Stlth    +++.......             (no ring)
HPRegen  0.23/turn              (no ring)
MPRegen  0.12/turn              (no ring)
                                (no ring)
                                (no ring)

@: no status effects
A: almost no armour, stealthy swim, amphibious, 8 rings, constrict 8, camouflage
1, gelatinous body 1
a: Renounce Religion, Berserk, Trog's Hand, Brothers in Arms


You were on level 11 of the Dungeon.
You worshipped Trog.
Trog was extremely pleased with you.
You visited 1 branch of the dungeon, and saw 11 of its levels.

You collected 554 gold pieces.

Inventory:

Hand Weapons
 u - a +2 hand axe of freezing (weapon)
 B - the +7 battleaxe of Asso {vorpal, rN+++ Int-3 Dex+4}
   (Trog gifted it to you on level 9 of the Dungeon)

   It inflicts extra damage upon your enemies.
   It affects your intelligence (-3).
   It affects your dexterity (+4).
   It renders you almost immune to negative energy.
Missiles
 t - 2 throwing nets
 w - 42 poisoned darts (quivered)
 A - 10 javelins
Armour
 s - a +0 buckler (worn)
Jewellery
 h - a ring of see invisible (left tentacle)
 j - an uncursed amulet of the acrobat
 q - an amulet of faith (around mantle)
 r - a +6 ring of dexterity (right tentacle)
 y - a ring of protection from fire (on tentacle)
Wands
 D - a wand of iceblast (14)
Scrolls
 b - 6 scrolls of remove curse
 d - 2 scrolls of magic mapping
 e - a scroll of immolation
 i - a scroll of fear
 k - 2 scrolls of enchant armour
 o - 4 scrolls of teleportation
 C - a scroll of blinking {unknown}
Potions
 a - 3 potions of lignification
 c - 2 potions of heal wounds
 f - a potion of degeneration {unknown}
 g - 2 potions of might
 l - a potion of ambrosia {unknown}
 m - 2 potions of haste
 n - a potion of cancellation {unknown}
 p - 3 potions of curing
 v - a potion of resistance {unknown}
 x - a potion of mutation {unknown}
 z - a potion of invisibility {unknown}


   Skills:
 + Level 9.8 Fighting
 * Level 13.3 Axes
 - Level 3.0 Dodging
 - Level 4.3 Shields


You had 10 spell levels left.
You didn't know any spells.
Your spell library was empty.

Dungeon Overview and Level Annotations

Branches:
Dungeon (11/15)            Temple (0/1) D:5            Lair (0/6) D:10
    Orc: D:9-12

Altars:
Ashenzari
Dithmenos
Gozag
Okawaru


Innate Abilities, Weirdness & Mutations

You cannot wear most types of armour.
You are very stealthy in the water. (Stealth+)
You are amphibious.
You can wear up to eight rings at the same time.
You can use your tentacles to constrict eight enemies at once.
Your skin changes colour to match your surroundings (Stealth+).
Your rubbery body absorbs attacks. (AC +1, EV +1)


Message History

You see here a wand of iceblast (7).
D - a wand of iceblast (14) (gained 7 charges)
The eight-headed hydra seems to regain its courage.
The bullfrog skeleton barely misses you.
Your two-headed ogre goes berserk!
You block the bullfrog skeleton's attack.
Your two-headed ogre hits the bullfrog skeleton with a +0 giant club!!!
The bullfrog skeleton is destroyed!
Trog accepts your kill.
Your two-headed ogre hits the eight-headed hydra with a +0 giant club.
Your two-headed ogre hits the eight-headed hydra with a +0 giant spiked club!!
The eight-headed hydra bites you!
* * * LOW HITPOINT WARNING * * *
The eight-headed hydra bites you.
* * * LOW HITPOINT WARNING * * *
The eight-headed hydra barely misses you.
The eight-headed hydra misses you. The eight-headed hydra bites you!
* * * LOW HITPOINT WARNING * * *
The eight-headed hydra bites you!
You die...

.##.........<.....#
..... #<......#.###
... ###......#...#
##.##.#.....(..#
#...........).##
#..#..........### .
#..†.O....##
.....#...D.(...#
........@.((...#
.#........((†?##
#..##..........#
##............##
.......#...###
.......##...
....... .....
....... .....#


You could see an eight-headed hydra and a friendly two-headed ogre (summoned,
berserk).

Vanquished Creatures
  2 two-headed ogres (D:8)
  An ugly thing (D:11)
  2 gargoyles (D:10)
  6 yaks (D:10)
  A vampire (D:10)
  A wraith (D:10)
  3 ice beasts
  2 orc warriors
  2 sky beasts
  A necrophage (D:8)
  2 black bears (D:7)
  2 ogres
  3 phantoms
  4 centaurs
  4 big kobolds
  Blork the orc (D:4)
  4 bullfrogs
  A water moccasin zombie (D:10)
  3 scorpions
  5 killer bees (D:10)
  4 wights (D:7)
  4 electric eels (D:8)
  A howler monkey (D:10)
  7 hounds
  A jelly (D:10)
  2 bullfrog skeletons
  5 orc priests
  Jessica (D:2)
  3 iguanas
  7 orc wizards
  8 worker ants
  A killer bee zombie (D:3)
  A hound zombie (D:7)
  A worker ant zombie (D:5)
  7 gnolls
  12 adders
  A shadow imp (D:7)
  2 white imps
  3 ufetubi
  4 oozes
  3 adder skeletons
  5 worms
  3 dart slugs
  4 leopard geckos
  37 orcs
  3 giant cockroaches
  6 goblins
  7 hobgoblins
  17 jackals
  5 quokkas
  11 bats
  4 frilled lizards
  A giant cockroach zombie (D:6)
  A jackal skeleton (D:4)
  26 kobolds
  A leopard gecko skeleton (D:5)
  A quokka zombie (D:8)
  12 rats
272 creatures vanquished.

Vanquished Creatures (collateral kills)
  A bullfrog skeleton (D:11)
1 creature vanquished.

Vanquished Creatures (others)
  A howler monkey zombie (D:6)
  35 plants
36 creatures vanquished.

Grand Total: 309 creatures vanquished

Notes
Turn   | Place    | Note
-------+----------+-------------------------------------------
     0 | D:1      | Froggeryz the Octopode Berserker began the quest for the
                  | Orb.
     0 | D:1      | Reached XP level 1. HP: 16/16 MP: 1/1
   251 | D:1      | Reached XP level 2. HP: 20/21 MP: 2/2
   865 | D:1      | Reached XP level 3. HP: 24/26 MP: 3/3
   965 | D:2      | Reached skill level 4 in Axes
  1137 | D:2      | Reached ** piety under Trog
  1363 | D:2      | Reached XP level 4. HP: 19/33 MP: 4/4
  1738 | D:2      | You fall into a shaft and drop 1 floor!
  1746 | D:3      | Reached XP level 5. HP: 23/37 MP: 5/5
  1748 | D:3      | Reached skill level 5 in Axes
  2150 | D:3      | Reached XP level 6. HP: 26/44 MP: 6/6
  2380 | D:2      | Noticed Jessica
  2390 | D:2      | Killed Jessica
  3144 | D:3      | Reached *** piety under Trog
  3145 | D:3      | HP: 1/44 [orc (5)]
  3148 | D:3      | Reached skill level 6 in Axes
  3626 | D:3      | Found a broken altar of Ashenzari.
  4140 | D:4      | Noticed Blork the orc
  4147 | D:4      | Reached skill level 5 in Fighting
  4147 | D:4      | Reached XP level 7. HP: 44/50 MP: 7/7
  4161 | D:4      | Killed Blork the orc
  4162 | D:4      | Reached skill level 7 in Axes
  4603 | D:5      | Entered Level 5 of the Dungeon
  4838 | D:5      | Found a staircase to the Ecumenical Temple.
  5570 | D:5      | Reached XP level 8. HP: 56/57 MP: 8/8
  5578 | D:5      | Reached skill level 1 in Shields
  5953 | D:6      | Reached skill level 8 in Axes
  5957 | D:6      | Reached **** piety under Trog
  7413 | D:6      | Reached skill level 9 in Axes
  7530 | D:7      | Reached XP level 9. HP: 63/63 MP: 9/9
  8220 | D:7      | Reached ***** piety under Trog
  8223 | D:7      | Reached skill level 10 in Axes
  8969 | D:8      | Found an opulent altar of Gozag.
  8970 | D:8      | Found a shadowy altar of Dithmenos.
  8987 | D:8      | Noticed a two-headed ogre
  8994 | D:8      | Killed a two-headed ogre
  9248 | D:8      | Noticed a two-headed ogre
  9258 | D:8      | Killed a two-headed ogre
  9259 | D:8      | Reached skill level 11 in Axes
  9259 | D:8      | Reached XP level 10. HP: 72/72 MP: 10/10
 11545 | D:9      | Reached skill level 12 in Axes
 11547 | D:9      | Received a gift from Trog
 11800 | D:9      | Got a smoking battleaxe {god gift}
 11893 | D:9      | Found an iron altar of Okawaru.
 12061 | D:9      | Identified the +7 battleaxe of Asso {vorpal, rN+++ Int-3
                  | Dex+4} (Trog gifted it to you on level 9 of the Dungeon)
 12501 | D:10     | Entered Level 10 of the Dungeon
 12856 | D:10     | Noticed a gargoyle
 12861 | D:10     | Killed a gargoyle
 13357 | D:10     | Reached XP level 11. HP: 80/80 MP: 11/11
 13542 | D:10     | Reached skill level 13 in Axes
 13788 | D:10     | Found a staircase to the Lair.
 14154 | D:11     | Noticed a purple ugly thing
 14164 | D:11     | Killed a purple ugly thing
 14166 | D:11     | Noticed an eight-headed hydra
 14215 | D:11     | Mangled by an eight-headed hydra

Illustrated notes

Levels and vault maps discovered:
D:1:      dpeg_arrival_oval, layout_basic, serial_bayou_crossing
D:2:      layout_basic, uniq_jessica
D:3:      layout_rooms, marbit_many_paths, st_stairs_6
D:4:      layout_cave_pools, chequers_jeans, uniq_blork_the_orc
D:5:      layout_loops_ring, minmay_temple_entry_slanted
D:6:      layout_cave_pods, lexackson_kobold_supper
D:7:      layout_cave_pods, item_on_display_a
D:8:      layout_rooms, gammafunk_temple_overflow_pools, chequers_big_river
D:9:      layout_basic, kennysheep_okawaru_gauntlet
D:10:     layout_roguey, lair_entry_dummy
D:11:     layout_cave_pools

Skill      XL: |  1  2  3  4  5  6  7  8  9 10 11 |
---------------+----------------------------------+-----
Axes           | 4 5 6 7 9 11 12 13 | 13.3
Fighting       | 4 5 6 8 9 |  9.8
Shields        | 4 |  4.3
Dodging        | |  3.0

Action                   |  1- 3 |  4- 6 |  7- 9 | 10-12 || total
-------------------------+-------+-------+-------+-------++-------
Melee: Hand axe          |    58 |   139 |   228 |   232 ||   657
       Constrict         |    19 |    39 |    56 |    40 ||   154
       Tentacles         |    11 |    27 |    73 |    55 ||   166
Throw: Throwing net      |       |       |     1 |       ||     1
       Dart              |       |       |       |    32 ||    32
Invok: Berserk           |       |     1 |     6 |     6 ||    13
       Trog's Hand       |       |     1 |     1 |       ||     2
       Brothers in Arms  |       |       |       |     1 ||     1
  Use: Potion            |       |     1 |       |     2 ||     3
       Scroll            |       |     7 |     6 |     4 ||    17
 Stab: Sleeping          |     7 |     8 |     7 |     7 ||    29
       Distracted        |       |       |     1 |     2 ||     3
Armor: Skin              |     4 |     9 |     2 |     2 ||    17
Dodge: Dodged            |    48 |    95 |   146 |    98 ||   387
Block: Buckler           |       |       |    19 |    42 ||    61
